 Dungeon Crawl Stone Soup version 0.29-a0-620-g13ace881f2 (webtiles) character file.

Game seed: 1687487185901603939

138 enile the Sneak (level 5, -2/40 HPs)
             Began as a Formicid Earth Elementalist on June 18, 2022.
             Slain by an orc warrior
             ... wielding a +0 glaive
              (20 damage)
             ... on level 9 of the Dungeon.
             The game lasted 00:03:35 (1347 turns).

enile the Sneak (Formicid Earth Elementalist)       Turns: 1347, Time: 00:03:36

Health: -2/40      AC:  2    Str: 10 (12) XL:     5   Next: 45%
Magic:  8/8        EV: 12    Int: 22 (23) God:
Gold:   68         SH:  0    Dex: 12 (14) Spells: 5/8 levels left

rFire   . . .      SeeInvis +   i - +0 trident
rCold   . . .      Faith    .   (no shield)
rNeg    . . .      Spirit   .   a - +0 robe
rPois   .          Reflect  .   (helmet unavailable)
rElec   .          Harm     .   (no cloak)
rCorr   .          Rampage  .   (no gloves)
Will    .....                   (no boots)
Stlth   +.........              (no amulet)
HPRegen 0.13/turn               e - +6 ring of intelligence
MPRegen 0.11/turn               (no ring)

@: confused, lethally poisoned (-2 -> -13)
A: permanent stasis, dig shafts and tunnels, antennae 3, four strong arms
a: Dig, Shaft Self


You were on level 9 of the Dungeon.
You visited 1 branch of the dungeon, and saw 8 of its levels.

You collected 68 gold pieces.

Inventory:

Hand Weapons
 i - a +0 trident (weapon)
Missiles
 c - 2 javelins (quivered)
Armour
 a - a +0 robe (worn)
Jewellery
 e - a +6 ring of intelligence (left hand)
Scrolls
 d - a scroll of amnesia
 g - a scroll of vulnerability
Potions
 b - a potion of magic


   Skills:
 + Level 2.9 Fighting
 - Level 1.8 Dodging
 - Level 5.0 Stealth
 - Level 2.2 Spellcasting
 - Level 1.1 Transmutations
 - Level 4.2 Earth Magic


You had 5 spell levels left.
You knew the following spells:

 Your Spells              Type           Power      Damage    Failure   Level
a - Sandblast             Erth           42%        2d11      2%          1
b - Passwall              Tmut/Erth      11%        N/A       7%          2

Your spell library contained the following spells:

 Spells                   Type           Power      Damage    Failure   Level
 Stone Arrow              Conj/Erth      22%        3d8       17%         3
 Petrify                  Tmut/Erth      14%        N/A       41%         4


Dungeon Overview and Level Annotations

Branches:
Dungeon (10/15)
 Temple: D:4-7         Lair: D:8-11         Orc: D:9-12

Altars:

Annotations:
D:3 Ijyb, Jessica


Innate Abilities, Weirdness & Mutations

You cannot be hasted, slowed, berserked, paralysed or teleported.
You can dig through walls and to a lower floor.
You have a pair of large antennae on your head. (SInv)
Your four strong arms can wield two-handed weapons with a shield.


Message History

The wyvern hisses menacingly.
The orc wizard casts a spell.
The orc wizard flickers and vanishes for a moment.
You slide downwards.
The hatch slams shut behind you.
You hear the roar of battle.
There is an entrance to a bailey on this level.
Hurry and find it before the portal closes forever!
Found 21 gold pieces and a ring mail.
Found a stone staircase leading up and a stone staircase leading down.
The helpless orc fails to defend itself.
You puncture the orc!
You kill the orc!
The orc shouts!
The orc wizard shouts!
The orc shouts!
There is a stone staircase leading up here.
The orc wizard gestures at you while chanting.
You are confused.
You climb upwards.
The gnoll shouts! x4; The orc shouts! x2; The gnoll sergeant shouts!
The orc warrior shouts!
The gnoll closely misses you.
The orc wizard hits you with a +0 dagger.
The gnoll sergeant hits you from afar with a +0 spear of venom.
Found a tin of tremorstones (2/2) and 17 gold pieces.
There is a stone staircase leading down, spattered with blood here.
You are too confused!
It was a potion of heal wounds.
You feel much better.
The orc wizard gestures wildly while chanting.
The orc wizard flickers and vanishes for a moment.
The gnoll hits you from afar with a +0 halberd.
The orc wizard hits you with a +0 dagger.
The gnoll sergeant hits you from afar with a +0 spear of venom!
You are poisoned.
The orc warrior closely misses you.
It was a potion of degeneration.
There was something very wrong with that liquid.
You feel weakened.
You feel dopey.
You feel clumsy.
You feel very sick. The gnoll sergeant barely misses you.
The orc wizard hits you with a +0 dagger.
The orc warrior hits you from afar with a +0 glaive!!
Ouch! That really hurt!
You die...

#########
#....}..#
#.8g8.8.#
#..oo...#
#@ogog...
#oog....#
#.8g8.8.#
#......$#
{#########


You could see an orc warrior, a gnoll sergeant, 2 orc wizards, 4 gnolls and 3
orcs.

Vanquished Creatures
  2 orc priests (D:8)
  A jelly (D:8)
  An orc wizard (D:8)
  An adder (D:3)
  A dart slug (D:3)
  An orc (D:10)
  2 giant cockroaches
  3 hobgoblins (D:1)
  3 ball pythons
  A bat (D:3)
  A frilled lizard (D:3)
  2 kobolds
  3 rats
22 creatures vanquished.

Notes
Turn   | Place    | Note
-------+----------+-------------------------------------------
     0 | D:1      | enile the Formicid Earth Elementalist began the quest for
                  | the Orb.
     0 | D:1      | Reached XP level 1. HP: 13/13 MP: 3/3
   384 | D:1      | Reached skill level 1 in Fighting
   384 | D:1      | Reached XP level 2. HP: 21/21 MP: 3/5
   479 | D:2      | You fall into a shaft and drop 2 floors!
   773 | D:3      | Reached XP level 3. HP: 23/27 MP: 3/6
   925 | D:3      | Noticed Jessica
   927 | D:3      | Noticed Ijyb
   934 | D:3      | You fall into a shaft and drop 2 floors!
   934 | D:5      | Entered Level 5 of the Dungeon
   952 | D:5      | Learned a level 2 spell: Passwall
   962 | D:5      | You fall into a shaft and drop 3 floors!
   986 | D:8      | Reached skill level 3 in Stealth
   986 | D:8      | Reached XP level 4. HP: 33/33 MP: 4/7
  1029 | D:8      | Noticed a wolf
  1047 | D:8      | Noticed a bullfrog
  1078 | D:8      | Reached skill level 4 in Stealth
  1083 | D:8      | Reached skill level 5 in Stealth
  1083 | D:8      | Reached XP level 5. HP: 32/38 MP: 4/8
  1086 | D:8      | Noticed an unseen horror simulacrum
  1086 | D:8      | Noticed a centaur
  1090 | D:8      | You fall into a shaft and drop 1 floor!
  1335 | D:9      | Noticed a wyvern
  1340 | D:9      | Noticed an orc warrior
  1341 | D:10     | Entered Level 10 of the Dungeon
  1345 | D:9      | Noticed an orc warrior
  1347 | D:9      | Slain by an orc warrior

Illustrated notes

Levels and vault maps discovered:
D:1:      giann_bridges, layout_loops_corners
D:2:      layout_rooms, dreamdust_ecumenical_altar_angels_and_demons
D:3:      layout_loops_cross, uniq_sigmund, uniq_jessica, uniq_ijyb
D:4:      layout_rooms, uniq_blork_the_orc
D:5:      layout_loops_cross
D:8:      layout_cave_pools, kennysheep_mini, serial_ice, serial_ice_i,
          serial_ice_g, serial_ice_n, serial_ice_a, serial_ice_f, serial_ice_c,
          minmay_mini_ossuary, uniq_gastronok
D:9:      layout_irregular_city, grunt_ministairs_3, nicolae_benzene_ring,
          kennysheep_generic_room_14
D:10:     layout_roguey, enter_bailey_3

Skill      XL: |  1  2  3  4 |
---------------+-------------+-----
Fighting       | 1 2 |  2.9
Earth Magic    | 4 |  4.2
Stealth        | 3 5 |  5.0
Dodging        | |  1.8
Spellcasting   | |  2.2
Transmutations | |  1.1

Action                   |  1- 3 |  4- 6 || total
-------------------------+-------+-------++-------
Melee: Trident           |       |     1 ||     1
Throw: Javelin           |     2 |     2 ||     4
 Cast: Sandblast         |    28 |     6 ||    34
 Abil: Shaft Self        |     3 |     1 ||     4
  Use: Scroll            |     5 |       ||     5
       Potion            |     1 |     2 ||     3
 Stab: Sleeping          |       |     1 ||     1
Armor: Robe              |     2 |       ||     2
Dodge: Dodged            |    13 |     6 ||    19

Table legend: (Time is in decaauts)
 A = Elapsed time spent in this place.
 B = Non-inter-level travel time spent in this place.
 C = Inter-level travel time spent in this place.
 D = Time resting spent in this place.
 E = Time spent auto-exploring this place.
 F = Levels seen in this place.
 G = Mean time per level.
                   A        B        C        D        E       F      G
               +--------+--------+--------+--------+--------+-----+--------+
         Total |   1382 |   1382 |      0 |    312 |    772 |   8 |  172.8 |
       Dungeon |   1382 |   1382 |      0 |    312 |    772 |   8 |  172.8 |
               +--------+--------+--------+--------+--------+-----+--------+

Top non-repeatable levels by time:
     D:1: 486 daAuts
     D:3: 417 daAuts
     D:9: 252 daAuts
     D:8: 136 daAuts
     D:4: 50 daAuts
     D:5: 27 daAuts
     D:2: 7 daAuts
    D:10: 4 daAuts
